 Dungeon Crawl Stone Soup version 0.30-a0-339-g89bb51ec76 (webtiles) character file.

Game seed: 14018961959613588498

16 sanka the Magician (level 2, 0/21 HPs)
             Began as a Djinni Summoner on Oct 31, 2022.
             Slain by a kobold
             ... wielding a +0 whip
              (4 damage)
             ... on level 1 of the Dungeon.
             The game lasted 00:01:12 (339 turns).

sanka the Magician (Djinni Summoner)                 Turns: 339, Time: 00:01:13

Health: 0/21       AC:  2    Str:  7    XL:     2   Next: 70%
Gold:   40         EV: 12    Int: 16    God:
                   SH:  0    Dex: 13

rFire   + + .      SeeInvis .    (no weapon)
rCold   x . .      Faith    .    (no shield)
rNeg    . . .      Spirit   .    a - +0 robe
rPois   ∞          Reflect  .    (no helmet)
rElec   .          Harm     .    (no cloak)
rCorr   .          Rampage  .    (no gloves)
Will    .....                    (boots unavailable)
Stlth   ++........               (no amulet)
HPRegen 0.23/turn                (no ring)
MPRegen 0.00/turn                (no ring)

@: flying
A: sickness immunity, fire resistance 2, cold vulnerability 1, float, innate
caster, HP casting, extra vitality 1
a: no special abilities


You were on level 1 of the Dungeon.
You visited 1 branch of the dungeon, and saw 1 of its levels.

You collected 40 gold pieces.


Innate Abilities, Weirdness & Mutations

You are immune to sickness and miasma.
You are immune to poison.
Your flesh is very heat resistant. (rF++)
You are vulnerable to cold. (rC-)
You float through the air rather than walking.
You learn spells naturally, not from books.
Your magical power is your life essence.
You have superior vitality. (+4 MHP)


   Skills:
 - Level 2.1 Dodging
 - Level 1.5 Stealth
 + Level 3.7 Spellcasting


You couldn't memorise any spells.
You knew the following spells:

 Your Spells              Type           Power      Damage    Failure   Level
c - Call Canine Familiar  Summ           15%        N/A       11%         3
x - Call Imp              Summ           15%        N/A       5%          2
z - Summon Small Mammal   Summ           60%        N/A       3%          1
X - Summon Lightning Spi  Summ/Air       15%        N/A       36%         4
Z - Summon Guardian Gole  Hex/Summ       15%        N/A       11%         3
Your spell library was empty.

Inventory:

Armour
 a - a +0 robe (worn)

Dungeon Overview and Level Annotations

Branches:
Dungeon (1/15)

Altars:

▒▒▒▒▒▒.▒.▒.▒▒▒▒▒......▒▒
▒......▒.▒.+.....<.....▒
▒.▒▒▒▒▒▒.▒.▒▒▒▒▒......▒▒
▒▒▒▒▒.▒ ▒....▒.▒
▒▒....▒▒ ▒.....▒
▒.▒▒▒▒.▒ ▒...▒▒ ▒.....▒
▒......▒ ▒..▒▒ ▒.....▒
▒▒▒▒▒▒▒▒▒▒▒▒▒.▒▒ ▒▒▒▒▒.▒
▒.......▒▒+▒
▒.▒▒▒▒▒▒.R.....▒
▒.......Kr.....+
▒▒▒▒▒▒▒▒.5.....▒
▒.......▒ ........+
▒▒.......▒ ▒▒▒..£....
.▒▒▒▒▒▒ .▒


You could see a kobold (ally target), a friendly crimson imp (summoned) and a
friendly quokka (summoned).


Message History

The kobold hits you with a +0 whip.
You hit the kobold but do no damage. The kobold misses you.
You barely miss the kobold. The kobold hits you but does no damage.
You closely miss the kobold. The kobold hits you with a +0 whip.
Your crimson imp hits the kobold but does no damage.
You barely miss the kobold. The kobold hits you but does no damage.
You hit the kobold but do no damage. The kobold hits you with a +0 whip.
You hit the kobold.
The kobold is heavily wounded.
The kobold hits you with a +0 whip.
* * * LOW HITPOINT WARNING * * *
You hit the kobold.
The kobold is severely wounded.
The kobold hits you with a +0 whip.
* * * LOW HITPOINT WARNING * * *
You hit the kobold but do no damage.
The kobold is severely wounded.
The kobold hits you with a +0 whip.
* * * LOW HITPOINT WARNING * * *
* * * LOW HITPOINT WARNING * * *
The kobold closely misses you.
Your quokka barely misses the kobold.
Your quokka misses the kobold. The kobold hits you with a +0 whip.
You die...

Action                   || total
-------------------------++-------
Melee: Unarmed           ||    13
 Cast: Summon Small Mamm ||    19
       Call Imp          ||     1
Armor: Robe              ||     5
Dodge: Dodged            ||    12

Levels and vault maps discovered:
D:1:      mrwooster_arrival_arrow, layout_basic

Notes
Turn   | Place    | Note
-------+----------+-------------------------------------------
     0 | D:1      | sanka the Djinni Summoner began the quest for the Orb.
     0 | D:1      | sanka set off with the following spells memorised: Summon
                  | Small Mammal, Call Imp, Call Canine Familiar, Summon
                  | Guardian Golem, Summon Lightning Spire.
     0 | D:1      | Reached XP level 1. HP: 15/15 MP: 0/0
   228 | D:1      | Reached XP level 2. HP: 18/21 MP: 0/0
   339 | D:1      | Slain by a kobold

Vanquished Creatures
  A bat (D:1)
1 creature vanquished.

Vanquished Creatures (collateral kills)
  A gnoll (D:1)
  A bat (D:1)
  2 endoplasms (D:1)
  A goblin (D:1)
5 creatures vanquished.

Grand Total: 6 creatures vanquished
